 Dungeon Crawl Stone Soup version 0.18-a0-1164-g7046a04 (webtiles) character file.

8977 Borgoz the Grappler (level 11, 0/99 HPs)
             Began as a Ghoul Abyssal Knight on Jan 25, 2016.
             Was a High Priest of Lugonu.
             Slain by an unseen horror (11 damage)
             ... on level 10 of the Dungeon.
             The game lasted 00:38:09 (12124 turns).

Borgoz the Grappler (Ghoul Abyssal Knight)         Turns: 12124, Time: 00:38:09

Health: 0/99       AC:  4    Str: 17    XL:     11   Next: 39%
Magic:  13/13      EV: 16    Int:  7    God:    Lugonu [*****.]
Gold:   115        SH:  0    Dex: 19    Spells: 0 memorised, 10 levels left

rFire  . . .     SeeInvis .       - Unarmed
rCold  + . .     Gourm    .     d - +0 leather armour (curse)
rNeg   + + +     Faith    .     (no shield)
rPois  ∞         Spirit   .     p - +0 helmet
rElec  .         Dismiss  .     (no cloak)
rCorr  .         Reflect  .     (no gloves)
SustAt .         Harm     .     (no boots)
MR     ++...                    (no amulet)
Stlth  +.........               x - +2 ring of evasion
                                A - ring "Vuheunokk" {MR++ Dex+8 Stlth-}

@: rotting, very resistant to hostile enchantments, very unstealthy
A: rotting body, claws 1, carnivore 3, cold resistance 1, negative energy
resistance 3, slow regeneration 1, torment resistance, unbreathing
a: Depart the Abyss, Bend Space, Banish, Corrupt, Enter the Abyss, Renounce
Religion


You were on level 10 of the Dungeon.
You worshipped Lugonu.
Lugonu was extremely pleased with you.
You were not hungry.

You visited 2 branches of the dungeon, and saw 11 of its levels.
You visited the Abyss 1 time.
You also visited: Ossuary.

You collected 525 gold pieces.
You spent 410 gold pieces at shops.

Inventory:

Armour
 d - a cursed +0 leather armour (worn)
 f - a +3 leather armour
 p - a +0 helmet (worn)
 u - the +2 robe "Atipnoec" {+Fly, unknown}
   (You found it on level 9 of the Dungeon)

   It lets you fly.
Jewellery
 n - an uncursed ring of resist corrosion
 o - an uncursed ring of ice
 x - a +2 ring of evasion (right claw)
 A - the ring "Vuheunokk" (left claw) {MR++ Dex+8 Stlth-}
   (You found it in an ossuary)

   [ring of loudness]

   It affects your dexterity (+8).
   It affects your resistance to hostile enchantments.
   It makes you less stealthy.
 F - an uncursed ring of fire
 N - a +2 ring of strength {unknown}
Wands
 E - a wand of invisibility (0/9)
 J - a wand of polymorph (4/24)
 L - a wand of fire (0/15)
Scrolls
 e - 7 scrolls of teleportation
 h - 4 scrolls of remove curse
 i - 3 scrolls of blinking
 j - a scroll of enchant weapon {unknown}
 l - 3 scrolls of recharging
 m - 3 scrolls of immolation {unknown}
 q - 4 scrolls of enchant armour
 r - 2 scrolls of fear {unknown}
 v - a scroll of torment {unknown}
 y - a scroll of noise {unknown}
 C - a scroll of silence {unknown}
 D - a scroll of amnesia {unknown}
 G - a scroll of random uselessness {unknown}
 Q - 3 scrolls of identify
Potions
 a - a potion of cancellation {unknown}
 c - 4 potions of might
 s - a potion of agility
 t - a potion of curing {unknown}
 w - a potion of poison {unknown}
 z - 2 potions of haste {unknown}
 B - 2 potions of flight
 K - a potion of beneficial mutation {unknown}
 M - a potion of brilliance {unknown}
 O - a potion of magic {unknown}
Books
 I - a book of Changes

   Spells                             Type                      Level
   a - Beastly Appendage              Transmutation                1
   b - Sticks to Snakes               Transmutation                2
   c - Spider Form                    Transmutation/Poison         3
   d - Ice Form                       Ice/Transmutation            4
   e - Blade Hands                    Transmutation                5
Comestibles
 b - 9 meat rations
 g - 2 beef jerkies
 k - 4 slices of pizza
 H - 8 chunks of flesh


   Skills:
 + Level 9.8 Fighting
 + Level 5.1 Armour
 + Level 8.9 Dodging
 - Level 2.1 Stealth
 + Level 10.9 Unarmed Combat
 + Level 4.2 Invocations
 + Level 0.5 Evocations


You had 10 spell levels left.
You didn't know any spells.

Dungeon Overview and Level Annotations

Branches:
Dungeon (10/15)            Temple (1/1) D:6             Orc (0/2) D:10
   Lair: D:8-11

Altars:
Ashenzari
Cheibriados
Dithmenos
Elyvilon
Fedhas
Gozag
Kikubaaqudgha
Makhleb
Nemelex Xobeh
Okawaru
Pakellas
Qazlal
Ru
Sif Muna
Trog
Vehumet
Xom
Yredelemnul
Zin
The Shining One

Shops:
D:4 (:?=%   D:7 [   D:8 :   D:9 *


Innate Abilities, Weirdness & Mutations

Your body is rotting away.
You thrive on raw meat.
You are immune to poison.
You have sharp fingernails.
You are carnivorous and can eat meat at any time.
Your flesh is cold resistant.
You are immune to negative energy.
You regenerate slowly when monsters are visible.
You are immune to unholy pain and torment.
You can survive without breathing.


Message History

Something hits you.
* * * LOW HITPOINT WARNING * * *
Something closely misses you. Something closely misses you. Something hits you!
* * * LOW HITPOINT WARNING * * *
Something barely misses you. Something hits you but does no damage.
Something hits you but does no damage. Something hits you.
* * * LOW HITPOINT WARNING * * *
Something hits you but does no damage. Something hits you.
* * * LOW HITPOINT WARNING * * *
Something closely misses you. Something hits you.
* * * LOW HITPOINT WARNING * * *
There is a stone staircase leading up here.
Something hits you!
You die...

### #..###
#..@.######
##........#
####..##.### #.
##)##...######## #.#
#)##%.......... #.##
#.###..#######. #..#
#)####.#######.
#..###..###.........
#...###...#......)..


There were no monsters in sight!

Vanquished Creatures
  Erolcha (D:10)
  A cyclops (D:10)
  Joseph (D:8)
  2 trolls
  A two-headed ogre (D:8)
  11 yaks
  Eustachio (D:4)
  A hippogriff (D:9)
  2 water moccasins
  2 sky beasts
  2 black bears
  4 orc warriors
  2 ogres
  2 ice beasts
  2 phantoms (D:6)
  4 centaurs
  2 necrophages
  3 giant frogs
  2 big kobolds
  A gnoll sergeant (D:10)
  7 scorpions
  9 killer bees
  2 crimson imps (D:9)
  3 hounds (D:9)
  A quasit (D:5)
  3 centaur zombies
  3 centaur skeletons
  A wasp zombie (D:10)
  5 orc priests
  5 jellies
  2 giant frog skeletons (D:6)
  3 iguanas
  4 worker ants
  7 orc wizards
  A killer bee zombie (D:7)
  A big kobold zombie (Ossuary)
  2 mummies (Ossuary)
  A worker ant zombie (D:7)
  10 adders
  11 gnolls
  5 scorpion zombies (Ossuary)
  3 shadow imps
  An adder skeleton (D:7)
  An adder zombie (D:6)
  6 worms
  3 giant geckos
  50 orcs
  5 giant cockroaches
  11 goblins
  13 hobgoblins
  9 jackals
  4 quokkas
  A ball python (D:6)
  7 bats
  6 giant newts
  2 gnoll zombies (Ossuary)
  2 hobgoblin zombies (Ossuary)
  9 kobolds
  3 kobold zombies (Ossuary)
  9 rats
  A fungus (D:8)
279 creatures vanquished.

Vanquished Creatures (others)
  2 hill giants
  A scorpion (Ossuary)
  A mummy (Ossuary)
  A goblin zombie (Ossuary)
5 creatures vanquished.

Grand Total: 284 creatures vanquished

Notes
Turn   | Place    | Note
--------------------------------------------------------------
     0 | Abyss:1  | Borgoz the Ghoul Abyssal Knight began the quest for the Orb.
     0 | Abyss:1  | Reached XP level 1. HP: 19/19 MP: 1/1
    34 | Abyss:1  | Noticed a sky beast
    34 | Abyss:1  | Noticed a thrashing horror
    36 | D:1      | Escaped the Abyss
   693 | D:1      | Reached skill level 1 in Dodging
   693 | D:1      | Reached XP level 2. HP: 26/26 MP: 2/2
   767 | D:1      | Reached * piety under Lugonu
  1318 | D:1      | Reached XP level 3. HP: 28/33 MP: 3/3
  1674 | D:2      | Reached ** piety under Lugonu
  1713 | D:2      | Reached XP level 4. HP: 27/40 MP: 4/4
  2212 | D:2      | Reached skill level 4 in Fighting
  2278 | D:3      | You fall through a shaft for 2 floors!
  2278 | D:5      | Entered Level 5 of the Dungeon
  2287 | D:4      | Found Oxullyph's Book Shop.
  2287 | D:4      | Found Fynec's Weapon Shop.
  2287 | D:4      | Noticed a necrophage
  2311 | D:4      | Found Cenley's Jewellery Shop.
  2315 | D:4      | Found Pirivet's Magic Scroll Shop.
  2596 | D:3      | Reached XP level 5. HP: 24/45 MP: 5/5
  2993 | D:3      | Found a radiant altar of Vehumet.
  3279 | D:3      | Reached *** piety under Lugonu
  3866 | D:4      | Killed a necrophage
  3866 | D:4      | Reached skill level 1 in Stealth
  3866 | D:4      | Reached XP level 6. HP: 52/52 MP: 6/6
  3896 | D:4      | Bought a scroll of magic mapping for 42 gold pieces
  3896 | D:4      | Bought a scroll of blinking for 90 gold pieces
  3896 | D:4      | Bought a scroll of identify for 24 gold pieces
  3988 | D:4      | Found Osew Seemp's Food Shoppe.
  4073 | D:4      | Noticed Eustachio
  4158 | D:5      | Found a sparkling altar of Nemelex Xobeh.
  4206 | D:5      | Noticed a yak
  4316 | D:6      | Found a deep blue altar of Sif Muna.
  4320 | D:6      | Found a sand-covered staircase.
  4327 | D:6      | Noticed a phantom
  4329 | Ossuary  | Entered an ossuary
  4469 | Ossuary  | Reached skill level 5 in Fighting
  4469 | Ossuary  | Reached XP level 7. HP: 59/61 MP: 7/7
  4701 | Ossuary  | Reached skill level 5 in Unarmed Combat
  5459 | Ossuary  | Got a scorched jade ring
  5464 | Ossuary  | Identified the ring "Vuheunokk" {MR++ Dex+8 Stlth-} (You found it in an ossuary)
  5551 | D:6      | Reached XP level 8. HP: 57/68 MP: 8/8
  5748 | D:6      | Reached skill level 6 in Unarmed Combat
  6171 | D:6      | Found a bloodstained altar of Trog.
  6408 | D:6      | Found a glowing golden altar of the Shining One.
  6460 | D:6      | Found a staircase to the Ecumenical Temple.
  6521 | D:6      | Found a blossoming altar of Fedhas.
  6579 | Temple   | Entered the Ecumenical Temple
  7075 | D:6      | Reached skill level 5 in Dodging
  7320 | D:7      | Found Lekhlecs's Antique Armour Shop.
  7594 | D:7      | Reached skill level 7 in Unarmed Combat
  7877 | D:4      | Killed Eustachio
  7877 | D:4      | Reached XP level 9. HP: 34/78 MP: 10/10
  8187 | D:4      | Found a burning altar of Makhleb.
  8452 | D:4      | Bought a scroll of blinking for 90 gold pieces
  8452 | D:4      | Bought a scroll of identify for 24 gold pieces
  8544 | D:5      | Got a pair of warped gloves
  8557 | D:5      | Identified the +1 pair of gloves "Hyucuf" {rF++ MR+ Str-5 Dex+2} (You found it on level 5 of the Dungeon)
  8885 | D:5      | Reached **** piety under Lugonu
  8903 | D:5      | Reached skill level 8 in Unarmed Combat
  9617 | D:8      | Found a sacrificial altar of Ru.
  9646 | D:8      | Found Wuedd's Book Shop.
  9752 | D:8      | Reached XP level 10. HP: 65/86 MP: 11/11
  9759 | D:8      | Reached skill level 9 in Unarmed Combat
  9777 | D:8      | Noticed Joseph
  9801 | D:8      | Killed Joseph
  9932 | D:8      | Reached ***** piety under Lugonu
  9981 | D:8      | Noticed a hill giant
 10224 | D:9      | Got a thick robe
 10541 | D:9      | Found Tegae's Assorted Antiques.
 10556 | D:9      | Bought a potion of heal wounds for 140 gold pieces
 10801 | D:9      | Reached skill level 10 in Unarmed Combat
 11070 | D:8      | Banished a hill giant
 11374 | D:10     | Entered Level 10 of the Dungeon
 11567 | D:10     | Noticed a hill giant
 11571 | D:10     | Banished a hill giant
 11571 | D:10     | Reached XP level 11. HP: 97/97 MP: 12/12
 11701 | D:10     | Noticed Erolcha
 11718 | D:10     | Killed Erolcha
 12028 | D:10     | Reached skill level 5 in Armour
 12083 | D:10     | Noticed a cyclops
 12083 | D:10     | Found a staircase to the Orcish Mines.
 12094 | D:10     | Killed a cyclops
 12124 | D:10     | Slain by an unseen horror

Vault maps used:
D:1:      minmay_arrival_open_corners
D:2:      serial_glass, glass_columns_c, glass_columns_a, glass_columns_a,
          glass_columns_c, st_stairs_8
D:3:      kennysheep_six_static_rooms, lemuel_round_altar,
          kennysheep_cross_bottleneck
D:4:      old_standard_altar, serial_shops, shop, shop, nicolae_shop_waterfront,
          shop_statue, shop, uniq_eustachio
D:5:      nemelex_xobeh_ov_fountains_minmay, first_bread
D:6:      overflow_temple_1_default, lemuel_round_altar,
          nicolae_tso_swordbearing_angel, minmay_temple_entry_poolview,
          nicolae_ossuary_entry_ruins, basic_altar, kennysheep_doodads
D:7:      serial_shops, shop_fountains
D:8:      nicolae_ru_the_path_less_chosen, serial_shops, shop, uniq_joseph
D:9:      serial_shops, kennysheep_mini_moat
D:10:     david_orc_3, uniq_erolcha
Temple:   nicolae_temple_figure_eight
Ossuary:  ossuary_minmay_scorpions

Action                   |  1- 3 |  4- 6 |  7- 9 | 10-12 || total
-------------------------+-------+-------+-------+-------++-------
Melee: Unarmed           |   158 |   254 |   491 |   346 ||  1249
Invok: Depart the Abyss  |     1 |       |       |       ||     1
       Banish            |       |       |     2 |     3 ||     5
       Bend Space        |       |       |     1 |     2 ||     3
Evoke: Wand              |       |       |       |     4 ||     4
  Use: Scroll            |       |     5 |     5 |     3 ||    13
       Potion            |       |       |     6 |     2 ||     8
  Eat: Chunk             |    17 |    24 |    35 |    42 ||   118
